 Dungeon Crawl Stone Soup version 0.28-a0-1510-gd0f6b136d3 (webtiles) character file.

Game seed: 8159106421805096909

9 comborobin the Sneak (level 2, -1/27 HPs)
             Began as a Minotaur Delver on Jan 14, 2022.
             Succumbed to a water moccasin's poison
             ... on level 6 of the Dungeon.
             The game lasted 00:00:48 (136 turns).

comborobin the Sneak (Minotaur Delver)               Turns: 136, Time: 00:00:48

Health: -1/27      AC:  3    Str: 16    XL:     2   Next: 3%
Magic:  1/1        EV: 11    Int:  7    God:
Gold:   0          SH:  0    Dex: 11    Spells: 1/1 levels left

rFire   . . .      SeeInvis .     - Unarmed
rCold   . . .      Faith    .   (no shield)
rNeg    . . .      Spirit   .   a - +0 leather armour
rPois   .          Reflect  .   (helmet restricted)
rElec   .          Harm     .   (no cloak)
rCorr   .          Rampage  .   (no gloves)
Will    .....                   (no boots)
Stlth   ++........              (no amulet)
HPRegen 0.09/turn               (no ring)
MPRegen 0.07/turn               (no ring)

@: lethally poisoned (-1 -> -19)
A: horns 2, retaliatory headbutt
a: no special abilities


You were on level 6 of the Dungeon.
You visited 1 branch of the dungeon, and saw 3 of its levels.

Inventory:

Armour
 a - a +0 leather armour (worn)
Jewellery
 e - an amulet of reflection
Scrolls
 b - a scroll of fog


   Skills:
 + Level 3.9 Fighting
 - Level 2.1 Dodging
 - Level 4.1 Stealth
 * Level 2.8 Unarmed Combat


You had one spell level left.
You didn't know any spells.
Your spell library was empty.

Dungeon Overview and Level Annotations

Branches:
Dungeon (7/15)             Temple (0/1) D:6

Altars:


Innate Abilities, Weirdness & Mutations

You have a pair of horns on your head.
You reflexively headbutt those who attack you in melee.


Message History

You see here an amulet of reflection.
e - an amulet of reflection The ice beast hits you.
The ice beast freezes you!
* * * LOW HITPOINT WARNING * * *
The water moccasin misses you. The water moccasin closely misses you.
As you read the scroll of fear, it crumbles to dust.
You assume a fearsome visage.
The water moccasin looks frightened!
The ice beast looks frightened!
Aiming: Dig
Press: ? - help, Shift-Dir - straight line The rock shatters into small pieces.
Aiming: Dig
Press: ? - help, Shift-Dir - straight line A rock wall.
The rock shatters into small pieces.
Aiming: Dig
Press: ? - help, Shift-Dir - straight line, f - you Please select a direction to dig.
Okay, then.
Okay, then.
As you read the scroll of magic mapping, it crumbles to dust.
You feel aware of your surroundings.
Aiming: Dig
Press: ? - help, Shift-Dir - straight line A rock wall.
The rock shatters into small pieces.
The now-empty wand crumbles to dust.
The water moccasin closely misses you. You furiously retaliate!
You headbutt the water moccasin. The water moccasin closely misses you.
You hit the water moccasin but do no damage.
The water moccasin is lightly wounded.
The water moccasin barely misses you. You furiously retaliate!
You headbutt the water moccasin. The water moccasin bites you.
* * * LOW HITPOINT WARNING * * *
You are lethally poisoned!
The water moccasin poisons you!
You miss the water moccasin.
The water moccasin is moderately wounded.
You die...

*,,,,,,,,,,,,,,,,,,.......<#*,*
*************,*****######.Y#*,*
*,****#.,,,.....,..
*,,,,,#.#..#...o...
******#..#,....#...
#...#...#.#.. #.#..#.).#... ###
##.....#....,. ##@#
#..?....#.#.#. ##S##
*#...#......^. ##.##
##..#.#.#..#.# ##.##
#....#....#.## ##.##
#.......#..### ##.##
#.........##.. ##.##
#.#.#.#.####.# #.## #...S.###
#.# ##.## ###.########.#


You could see a water moccasin.

Vanquished Creatures
  An adder (D:6)
1 creature vanquished.

Notes
Turn   | Place    | Note
-------+----------+-------------------------------------------
     0 | D:5      | comborobin the Minotaur Delver began the quest for the Orb.
     0 | D:5      | Reached XP level 1. HP: 19/19 MP: 0/0
     1 | D:6      | Noticed an ice beast
     1 | D:6      | Noticed an orc priest
    36 | D:6      | Noticed a water moccasin
    59 | D:6      | Reached XP level 2. HP: 25/27 MP: 1/1
   136 | D:6      | Succumbed to a water moccasin's poison

Illustrated notes

Levels and vault maps discovered:
D:5:      layout_loops_ring, mainiacjoe_overflow_alcove_2,
          nicolae_hepliaklqana_monster_ancestors, cheibrodos_sewer_entry_drain,
          minmay_misc_feat_five, uniq_blork_the_orc
D:6:      layout_loops_ring, minmay_temple_entry_arrows,
          hangedman_decor_opposing, uniq_grinder
D:7:      layout_loops_ring, gammafunk_ghost_arena, minmay_misc_feat_ornament

Action                   || total
-------------------------++-------
Melee: Unarmed           ||    15
       Headbutt          ||     1
Evoke: Wand              ||     3
  Use: Potion            ||     1
       Scroll            ||     2
Armor: Leather armour    ||     6
Dodge: Dodged            ||    12

Table legend: (Time is in decaauts)
 A = Elapsed time spent in this place.
 B = Non-inter-level travel time spent in this place.
 C = Inter-level travel time spent in this place.
 D = Time resting spent in this place.
 E = Time spent auto-exploring this place.
 F = Levels seen in this place.
 G = Mean time per level.
                   A        B        C        D        E       F      G
               +--------+--------+--------+--------+--------+-----+--------+
         Total |    117 |    117 |      0 |      0 |      0 |   3 |   39.0 |
       Dungeon |    117 |    117 |      0 |      0 |      0 |   3 |   39.0 |
               +--------+--------+--------+--------+--------+-----+--------+

Top non-repeatable levels by time:
     D:6: 91 daAuts
     D:7: 17 daAuts
     D:5: 8 daAuts
